 Dungeon Crawl Stone Soup version 0.30.1-9-gdf580d7c3d (webtiles) character file.

Game seed: 8221296218426148212

98 Cheops the Conjurer (level 4, 0/36 HPs)
             Began as a Naga Fire Elementalist on Oct 8, 2023.
             Slain by Natasha (9 damage)
             ... on level 3 of the Dungeon.
             The game lasted 00:03:25 (1963 turns).

Cheops the Conjurer (Naga Fire Elementalist)        Turns: 1963, Time: 00:03:26

Health: 0/36       AC:  2    Str: 10    XL:     4   Next: 69%
Magic:  10/17      EV:  9    Int: 18    God:
Gold:   124        SH:  0    Dex: 11    Spells: 6/9 levels left

rFire   . . .        a - +1 short sword (freeze)
rCold   . . .        (no shield)
rNeg    . . .        c - +0 robe
rPois   +            (no helmet)
rElec   .            (no cloak)
rCorr   .            (no gloves)
SInv    +            (no barding)
Will    .....        (no amulet)
Stlth   ++           g - ring of magical power
HPRegen 0.26/turn    (no ring)
MPRegen 0.15/turn

%: no passive effects
@: very slow
A: AC +1, large, see invisible, deformed body, poison resistance, slowness 2,
spit poison 1, naga tail 1
a: Spit Poison


You were on level 3 of the Dungeon.
You visited 1 branch of the dungeon, and saw 3 of its levels.

You collected 124 gold pieces.

Inventory:

Hand Weapons
 a - a +1 short sword of freezing (weapon)
Armour
 c - a +0 robe (worn)
Jewellery
 g - a ring of magical power (left hand)
Scrolls
 d - a scroll of teleportation {unknown}
 i - a scroll of fear {unknown}
 j - a scroll of noise {unknown}
 m - a scroll of identify {unknown}
 n - a scroll of enchant weapon {unknown}
 p - a scroll of enchant armour {unknown}
Potions
 b - a potion of magic
 e - a potion of flight {unknown}
 f - a potion of invisibility {unknown}
 h - 2 potions of curing
 k - a potion of haste {unknown}
 l - 2 potions of berserk rage {unknown}
 o - a potion of heal wounds {unknown}


   Skills:
 - Level 1.5 Dodging
 - Level 3.0 Stealth
 - Level 3.0 Spellcasting
 + Level 3.6 Conjurations
 - Level 3.0 Fire Magic


You had 6 spell levels left.
You knew the following spells:

 Your Spells              Type           Power      Damage    Failure   Level
a - Foxfire               Conj/Fire      56%        2x1d6     4%          1
b - Scorch                Fire           26%        2d6       7%          2

Your spell library contained the following spells:

 Spells                   Type           Power      Damage    Failure   Level
 Momentum Strike          Conj/Tloc      18%        3d8       12%         2
 Blink                    Tloc           4%         N/A       24%         2
 Lesser Beckoning         Tloc           4%         N/A       24%         2
 Poisonous Vapours        Pois/Air       4%         N/A       24%         2
 Inner Flame              Hex/Fire       8%         N/A       26%         3
 Volatile Blastmotes      Fire/Tloc      16%        2d11      26%         3
 Mephitic Cloud           Conj/Pois/Air  7%         N/A       30%         3
 Flame Wave               Conj/Fire      14%        2d6       38%         4
 Freezing Cloud           Conj/Ice/Air   3%         6-21      95%         5


Dungeon Overview and Level Annotations

Branches:
Dungeon (3/15)

Altars:

Annotations:
D:3 Natasha


Innate Abilities, Weirdness & Mutations

Your serpentine skin is tough. (AC +1)
You have supernaturally acute eyesight. (SInv)
Armour fits poorly on your strangely shaped body.
Your system is resistant to poisons. (rPois)
You cover ground very slowly.
You can spit poison.
You have a snake-like lower body.


Message History

Natasha is heavily wounded.
Natasha closely misses you. Natasha attacks as you move away!
Natasha claws you.
* * * LOW HITPOINT WARNING * * *
Natasha stares at you and mumbles some strange words.
You resist with some effort.
The cerulean imp hits you from afar with a +1 spear.
* * * LOW HITPOINT WARNING * * *
Casting: Foxfire (safe; 4% risk of failure)
Confirm with . or Enter, or press ? or * to list all spells.
You conjure some foxfire!
The foxfire hits Natasha.
Natasha is severely wounded.
The cerulean imp barely misses you.
Casting: Foxfire (safe; 4% risk of failure)
Confirm with . or Enter, or press ? or * to list all spells.
You conjure some foxfire!
The foxfire hits Natasha.
Natasha is almost dead.
The cerulean imp hits you from afar with a +1 spear.
* * * LOW HITPOINT WARNING * * *
Casting: Foxfire (safe; 4% risk of failure)
Confirm with . or Enter, or press ? or * to list all spells.
You conjure some foxfire!
The foxfire hits Natasha but does no damage.
Natasha is almost dead.
The foxfire hits the cerulean imp.
The cerulean imp is heavily wounded.
Natasha stares at you and mumbles some strange words.
The magic dart hits you!
* * * LOW HITPOINT WARNING * * *
The cerulean imp hits you from afar with a +1 spear.
* * * LOW HITPOINT WARNING * * *
Casting: Foxfire (safe; 4% risk of failure)
Confirm with . or Enter, or press ? or * to list all spells.
You conjure some foxfire!
The foxfire hits Natasha but does no damage.
Natasha is almost dead.
The foxfire hits Natasha.
Natasha is almost dead.
Natasha claws you!
You die...

# #.........#
....####.####
... #.#
#.####.#####
###..........#
.........###.#
###.....##
#..v....#
#..v@<.[#
#...h...#
##.5...##
##...## ##.##
#.# ... ....
.#####


You could see Natasha (ally target) and a cerulean imp (summoned).

Vanquished Creatures
  Jessica (D:3)
  Terence (D:3)
  An adder (D:3)
  A worm (D:2)
  3 endoplasms
  A giant cockroach (D:1)
  2 jackals (D:1)
  2 quokkas (D:1)
  4 ball pythons
  9 bats
  2 frilled lizards (D:1)
  2 goblins (D:2)
  5 kobolds (D:1)
  7 rats
41 creatures vanquished.

Vanquished Creatures (others)
  150 foxfires
150 creatures vanquished.

Grand Total: 191 creatures vanquished

Notes
Turn   | Place    | Note
-------+----------+-------------------------------------------
     0 | D:1      | Cheops the Naga Fire Elementalist began the quest for the
                  | Orb.
     0 | D:1      | Reached XP level 1. HP: 15/15 MP: 3/3
   328 | D:1      | Reached XP level 2. HP: 22/22 MP: 1/5
  1023 | D:2      | Learned a level 2 spell: Scorch
  1028 | D:2      | Reached XP level 3. HP: 28/28 MP: 7/7
  1629 | D:3      | Noticed Jessica
  1632 | D:3      | Killed Jessica
  1632 | D:3      | Noticed Terence
  1633 | D:3      | Reached XP level 4. HP: 36/36 MP: 8/8
  1647 | D:3      | Killed Terence
  1952 | D:3      | Noticed Natasha
  1963 | D:3      | Slain by Natasha

Illustrated notes

Levels and vault maps discovered:
D:1:      tarquinn_simple_flora_water_a, layout_loops_cross
D:2:      layout_basic
D:3:      due_chaos_kobolds, layout_loops_ring,
          nicolae_uskayaw_murder_on_the_dancefloor,
          dreamdust_ecumenical_altar_drowned_temple, corner_web_ring,
          uniq_jessica, uniq_grinder, uniq_terence, uniq_natasha

Skill      XL: |  1  2  3  4 |
---------------+-------------+-----
Spellcasting   | 3 |  3.0
Conjurations   | 2 3 |  3.6
Dodging        | |  1.5
Stealth        | |  3.0
Fire Magic     | |  3.0

Action                     |  1- 3 |  4- 6 || total
---------------------------+-------+-------++-------
  Melee: Short sword       |    16 |     2 ||    18
         Unarmed           |     4 |       ||     4
   Cast: Foxfire           |    73 |    17 ||    90
         Scorch            |       |     3 ||     3
Ability: Spit Poison       |     2 |     1 ||     3
 Armour: Robe              |     9 |       ||     9
  Dodge: Dodged            |    23 |     5 ||    28
